 Dungeon Crawl Stone Soup version 0.25-a0-21-ga5a8db46c7 (webtiles) character file.

Game seed: 14387654237042740211, levelgen mode: deterministic

66 RedPan the Chiller (level 3, -10/26 HPs)
             Began as a Draconian Ice Elementalist on Oct 16, 2019.
             Mangled by an ogre
             ... wielding a +0 giant spiked club
              (19 damage)
             ... on level 4 of the Dungeon.
             The game lasted 00:05:00 (2028 turns).

RedPan the Chiller (Draconian Ice Elementalist)     Turns: 2028, Time: 00:05:01

Health: -10/26     AC:  7    Str: 10    XL:     3   Next: 96%
Magic:  7/7        EV: 12    Int: 16    God:
Gold:   40         SH:  0    Dex: 11    Spells: 2/8 levels left

rFire    . . .     SeeInvis .   g - +0 whip
rCold    . . .     Gourm    .   (no shield)
rNeg     . . .     Faith    .   (armour unavailable)
rPois    .         Spirit   .   d - +2 hat
rElec    .         Reflect  .   (no cloak)
rCorr    .         Harm     .   (no gloves)
MR       .....                  (no boots)
Stlth    ++........             (no amulet)
HPRegen  0.08/turn              (no ring)
MPRegen  0.10/turn              (no ring)

@: no status effects
A: unfitting armour, cold-blooded, AC +5
a: no special abilities


You were on level 4 of the Dungeon.
You were not hungry.

You visited 1 branch of the dungeon, and saw 3 of its levels.

You collected 40 gold pieces.

Inventory:

Hand Weapons
 g - a +0 whip (weapon)
Armour
 d - a +2 hat (worn)
Scrolls
 c - a scroll of remove curse
 f - a scroll of enchant armour
Comestibles
 a - 4 chunks of flesh
 b - 2 rations


   Skills:
 - Level 1.7 Dodging
 - Level 1.7 Stealth
 + Level 3.1 Spellcasting
 - Level 1.0 Conjurations
 + Level 4.0 Ice Magic


You had 2 spell levels left.
You knew the following spells:

 Your Spells              Type           Power        Failure   Level  Hunger
a - Freeze                Ice            ###.         3%          1    None
b - Throw Frost           Conj/Ice       ##....       10%         2    ##.....
c - Ozocubu's Armour      Chrm/Ice       #.......     24%         3    ###....

Your spell library contained the following spells:

 Spells                   Type           Power        Failure   Level  Hunger
 Throw Icicle             Conj/Ice       ##......     54%         4    ####...
 Summon Ice Beast         Ice/Summ       #.......     63%         4    ####...


Dungeon Overview and Level Annotations

Branches:
Dungeon (2/15)

Altars:
Hepliaklqana
Xom
Zin


Innate Abilities, Weirdness & Mutations

Your plain brown scales are hard. (AC +5)
You cannot fit into any form of body armour.
You are cold-blooded and may be slowed by cold attacks.


Message History

The orc barely misses you.
There is a stone staircase leading down here.
You see here a +0 short sword.
The orc hits you but does no damage.
Found a runed bone ring.
The orc hits you with a +2 mace of holy wrath.
* * * LOW HITPOINT WARNING * * *
You open the door. The ogre closely misses you.
There is an open door here.
You aren't carrying any potions.
Okay, then.
Found a stone staircase leading up.
The orc grunts repeatedly, as Orcs often do.
Found a stone staircase leading down.
There is a stone staircase leading up here.
There is a stone staircase leading up here.
There is a stone staircase leading up here.
The ogre hits you with a +0 giant spiked club!!
Ouch! That really hurt!
You die...

#..............#
#..............#
#..............#
#####..............#
...................#
......>...o...#
####...#####.#
##+#<...#O# #....@.#
#....#####.###
#.#...........
+#.##.#.###.##
..........#
...##.#.#.#
....##.#.#.# #..
..#.# # . ####.#


You could see an ogre.

Vanquished Creatures
  3 oozes
  A leopard gecko (D:2)
  2 orcs (D:4)
  5 bats
  2 giant cockroaches
  3 goblins
  7 hobgoblins
  7 jackals
  A quokka (D:2)
  3 frilled lizards
  5 kobolds
  5 rats
44 creatures vanquished.

Notes
Turn   | Place    | Note
-------+----------+-------------------------------------------
     0 | D:1      | RedPan the Draconian Ice Elementalist began the quest for
                  | the Orb.
     0 | D:1      | Reached XP level 1. HP: 14/14 MP: 3/3
   321 | D:1      | Reached XP level 2. HP: 14/20 MP: 0/5
   835 | D:1      | Learned a level 2 spell: Throw Frost
   944 | D:1      | Reached XP level 3. HP: 26/26 MP: 7/7
  1383 | D:2      | Found a hazy altar of Hepliaklqana.
  1746 | D:2      | Found a shimmering altar of Xom.
  1747 | D:2      | Found a glowing silver altar of Zin.
  1807 | D:2      | Reached skill level 4 in Ice Magic
  1872 | D:2      | Learned a level 3 spell: Ozocubu's Armour
  1950 | D:2      | You fall into a shaft and drop 2 floors!
  1951 | D:4      | Noticed an ogre
  2028 | D:4      | Mangled by an ogre

Levels and vault maps discovered:
D:1:      onia_arrival_handbag, layout_loops_ring
D:2:      layout_loops_ring, gammafunk_temple_overflow_forgotten,
          chequers_serial_rivers_large_a
D:4:      layout_basic, kennysheep_generic_room_5

Skill      XL: |  1  2  3 |
---------------+----------+-----
Spellcasting   | 3 |  3.1
Ice Magic      | 4 |  4.0
Dodging        | |  1.7
Stealth        | |  1.7
Conjurations   | |  1.0

Action                   || total
-------------------------++-------
Melee: Unarmed           ||    31
       Whip              ||    76
       Tailslap          ||     7
 Cast: Freeze            ||    54
  Use: Scroll            ||     3
 Stab: Sleeping          ||     2
  Eat: Chunk             ||     4
Armor: Skin              ||    50
Dodge: Dodged            ||   123

Table legend:
 A = Non-vault XP
 B = Vault XP
 C = Vault XP percentage of total XP
 D = Non-vault monster count
 E = Vault monster count
 F = Vault count percentage of total count
                 A         B        C        D         E       F
            +---------+---------+-------+---------+---------+-------
      Total |      79 |      16 |  16.8 |      40 |       4 |   9.1
            +---------+---------+-------+---------+---------+-------
        D:1 |      33 |      16 |  32.7 |      19 |       4 |  17.4
        D:2 |      40 |       0 |   0.0 |      19 |       0 |   0.0
        D:4 |       6 |       0 |   0.0 |       2 |       0 |   0.0
            +---------+---------+-------+---------+---------+-------
